 Dungeon Crawl Stone Soup version 0.28-a0-925-gd5e1996cdb (webtiles) character file.

Game seed: 6733179419704170779

183 AlleluiaPinecone the Poker (level 5, -2/45 HPs)
             Began as a Ghoul Gladiator on Nov 26, 2021.
             Slain by an iguana (10 damage)
             ... on level 5 of the Dungeon.
             The game lasted 00:03:55 (2837 turns).

AlleluiaPinecone the Poker (Ghoul Gladiator)        Turns: 2837, Time: 00:03:56

Health: -2/45      AC:  4    Str: 18    XL:     5   Next: 62%
Magic:  4/4        EV: 12    Int:  3    God:
Gold:   143        SH:  0    Dex: 11    Spells: 4/4 levels left

rFire   . . .      SeeInvis .   a - +2 dagger (freeze)
rCold   + . .      Faith    .   (no shield)
rNeg    + + +      Spirit   .   b - +0 leather armour
rPois   ∞          Reflect  .   c - +0 helmet
rElec   .          Harm     .   (no cloak)
rCorr   .          Rampage  .   (no gloves)
Will    .....                   (no boots)
Stlth   +.........              (no amulet)
HPRegen 0.00/turn               (no ring)
MPRegen 0.09/turn               (no ring)

@: inhibited regen
A: claws 1, cold resistance 1, negative energy resistance 3, inhibited
regeneration, torment resistance 2
a: no special abilities


You were on level 5 of the Dungeon.
You visited 1 branch of the dungeon, and saw 5 of its levels.

You collected 143 gold pieces.

Inventory:

Hand Weapons
 a - a +2 dagger of freezing (weapon)
 r - a +0 dagger of draining
 v - a +0 trident
Missiles
 d - 3 throwing nets (quivered)
 e - 35 arrows
 i - 18 poisoned darts
 k - 52 stones
 n - 6 boomerangs
 t - 27 sling bullets
Armour
 b - a +0 leather armour (worn)
 c - a +0 helmet (worn)
Jewellery
 y - a ring of wizardry
Wands
 m - a wand of charming (9)
Scrolls
 f - a scroll of fear {unknown}
 h - 5 scrolls of identify {unknown}
 l - a scroll of blinking {unknown}
 o - a scroll of amnesia {unknown}
 q - a scroll of noise {unknown}
 s - a scroll of enchant armour {unknown}
 w - a scroll of teleportation {unknown}
 z - a scroll of brand weapon {unknown}
Potions
 g - a potion of ambrosia {unknown}
 j - a potion of mutation {unknown}
 p - 4 potions of curing {unknown}
 u - a potion of degeneration {unknown}
 x - a potion of lignification {unknown}


   Skills:
 + Level 3.0 Fighting
 * Level 1.2 Short Blades
 - Level 4.0 Polearms
 + Level 1.8 Throwing
 + Level 1.7 Armour
 + Level 3.3 Dodging
 + Level 0.2 Stealth


You had 4 spell levels left.
You didn't know any spells.
Your spell library contained the following spells:

 Spells                   Type           Power      Damage    Failure   Level
 Ensorcelled Hibernation  Hex/Ice        0%         N/A       73%         2
 Spider Form              Tmut/Pois      Unusable   N/A       N/A         3

Dungeon Overview and Level Annotations

Branches:
Dungeon (5/15)
 Temple: D:4-7

Altars:
Nemelex Xobeh
Qazlal
Vehumet

Shops:
D:1 *

Annotations:
D:4 2 transporters, Orlauf's ghost, novice DsGl


Innate Abilities, Weirdness & Mutations

You thrive by killing the living.
You are immune to poison.
You have sharp fingernails.
Your flesh is cold resistant. (rC+)
You are immune to negative energy. (rN+++)
You do not regenerate when monsters are visible.
You are immune to unholy pain and torment.


Message History

You barely miss the iguana.
The iguana is lightly wounded.
The iguana bites you.
You closely miss the iguana.
The iguana is lightly wounded.
The iguana misses you.
You barely miss the iguana.
The iguana is lightly wounded.
The iguana closely misses you.
You barely miss the iguana.
The iguana is lightly wounded.
The iguana barely misses you.
You barely miss the iguana.
The iguana is lightly wounded.
The iguana closely misses you.
You hit the iguana but do no damage.
The iguana is lightly wounded.
You closely miss the iguana.
The iguana is lightly wounded.
The iguana bites you.
You hit the iguana. You freeze the iguana.
The iguana is moderately wounded.
The iguana bites you.
You hit the iguana but do no damage.
The iguana is moderately wounded.
The iguana bites you but does no damage.
You hit the iguana but do no damage.
The iguana is moderately wounded.
The iguana misses you.
You hit the iguana but do no damage.
The iguana is moderately wounded.
The iguana bites you!
* * * LOW HITPOINT WARNING * * *
You closely miss the iguana.
The iguana is moderately wounded.
The iguana misses you.
You hit the iguana.
The iguana seems to slow down.
You freeze the iguana.
The iguana is heavily wounded.
The iguana bites you!
You die...

#.........#
#.#.......#
#.#.#####.#
#.#....<#
##.#######
#)........
#..#######
#..# #.@#
#.l# #...
#.### #. #.
#. ##


You could see an iguana (slow).

Vanquished Creatures
  A scorpion (D:4)
  Jessica (D:3)
  A hound skeleton (D:4)
  3 adders
  8 ball pythons
  8 endoplasms
  3 giant cockroaches
  10 goblins
  4 hobgoblins
  8 kobolds
  A quokka (D:1)
  4 bats
  A frilled lizard (D:3)
  2 rats
55 creatures vanquished.

Notes
Turn   | Place    | Note
-------+----------+-------------------------------------------
     0 | D:1      | AlleluiaPinecone the Ghoul Gladiator began the quest for
                  | the Orb.
     0 | D:1      | Reached XP level 1. HP: 17/17 MP: 0/0
    81 | D:1      | Reached skill level 3 in Polearms
    81 | D:1      | Reached XP level 2. HP: 25/25 MP: 1/1
   165 | D:1      | Found Zeduxto's Assorted Antiques.
   762 | D:2      | Reached XP level 3. HP: 30/30 MP: 2/2
   898 | D:2      | Found a faded altar of an unknown god.
  1632 | D:3      | Reached XP level 4. HP: 37/37 MP: 3/3
  1667 | D:3      | Noticed Jessica
  1670 | D:3      | Killed Jessica
  1671 | D:3      | Reached skill level 1 in Armour
  1716 | D:3      | Found a sparkling altar of Nemelex Xobeh.
  1789 | D:3      | Reached skill level 4 in Polearms
  2251 | D:3      | Found a radiant altar of Vehumet.
  2251 | D:3      | Found a stormy altar of Qazlal.
  2483 | D:4      | Noticed a scorpion
  2500 | D:4      | Killed a scorpion
  2501 | D:4      | Reached XP level 5. HP: 22/45 MP: 4/4
  2508 | D:4      | Reached skill level 1 in Short Blades
  2575 | D:4      | Found a transporter.
  2744 | D:4      | Noticed an ogre
  2768 | D:4      | Found a transporter.
  2772 | D:4      | Noticed Orlauf's ghost (novice DsGl)
  2801 | D:5      | Entered Level 5 of the Dungeon
  2837 | D:5      | Slain by an iguana

Illustrated notes

Levels and vault maps discovered:
D:1:      ncdulo_lavacross, layout_basic, serial_shops, shop,
          chequers_serial_rivers_room_b
D:2:      layout_loops_ring, ebering_ecumenical_altar_mist
D:3:      layout_basic, gammafunk_temple_overflow_elements,
          mainiacjoe_overflow_chevrons, uniq_jessica
D:4:      cheibrodos_old_hovel, layout_loops_ring,
          minmay_temple_entry_enclosed_plants, gammafunk_ghost_mausoleum,
          kennysheep_generic_room_5
D:5:      layout_basic, kennysheep_mini_moat, uniq_crazy_yiuf_cottage

Skill      XL: |  1  2  3  4  5 |
---------------+----------------+-----
Polearms       | 3 4 |  4.0
Dodging        | 3 |  3.3
Armour         | 1 |  1.7
Fighting       | 3 |  3.0
Short Blades   | 1 |  1.2
Throwing       | |  1.8
Stealth        | |  0.2

Action                   |  1- 3 |  4- 6 || total
-------------------------+-------+-------++-------
Melee: Trident           |   114 |    31 ||   145
       Dagger            |       |    57 ||    57
Armor: Leather armour    |    21 |    22 ||    43
Dodge: Dodged            |    54 |    58 ||   112

Table legend: (Time is in decaauts)
 A = Elapsed time spent in this place.
 B = Non-inter-level travel time spent in this place.
 C = Inter-level travel time spent in this place.
 D = Time resting spent in this place.
 E = Time spent auto-exploring this place.
 F = Levels seen in this place.
 G = Mean time per level.
                   A        B        C        D        E       F      G
               +--------+--------+--------+--------+--------+-----+--------+
         Total |   2852 |   2800 |     52 |     56 |   2275 |   5 |  570.4 |
       Dungeon |   2852 |   2800 |     52 |     56 |   2275 |   5 |  570.4 |
               +--------+--------+--------+--------+--------+-----+--------+

Top non-repeatable levels by time:
     D:3: 1078 daAuts
     D:1: 754 daAuts
     D:2: 655 daAuts
     D:4: 330 daAuts
     D:5: 34 daAuts
